 Dungeon Crawl Stone Soup version 0.27-a0-679-g77a6b55cf3 (webtiles) character file.

Game seed: 5805599531793291198

28 scammafunk the Sneak (level 3, -7/16 HPs)
             Began as a Spriggan Enchanter on Mar 18, 2021.
             Mangled by a worm (10 damage)
             ... on level 2 of the Dungeon.
             The game lasted 00:06:26 (1217 turns).

scammafunk the Sneak (Spriggan Enchanter)           Turns: 1217, Time: 00:06:27

Health: -7/16      AC:  2    Str:  4    XL:     3   Next: 0%
Magic:  0/8        EV: 17    Int: 16    God:
Gold:   10         SH:  0    Dex: 16    Spells: 4/7 levels left

rFire    . . .     SeeInvis +   a - +1 dagger
rCold    . . .     Faith    .   (shield restricted)
rNeg     . . .     Spirit   .   b - +0 robe
rPois    .         Reflect  .   (helmet restricted)
rElec    .         Harm     .   (no cloak)
rCorr    .         Rampage  .   (gloves unavailable)
Will     .....                  (boots unavailable)
Stlth    +++.......             (no amulet)
HPRegen  0.05/turn              (no ring)
MPRegen  0.11/turn              (no ring)

@: very quick
A: very small, no large weapons, unfitting armour, see invisible, speed 3
a: no special abilities


You were on level 2 of the Dungeon.
You visited 1 branch of the dungeon, and saw 2 of its levels.

You collected 10 gold pieces.

Inventory:

Hand Weapons
 a - a +1 dagger (weapon)
Armour
 b - a +0 robe (worn)
Jewellery
 c - a ring of poison resistance
 g - a +6 ring of intelligence
Scrolls
 d - a scroll of enchant weapon {unknown}
 f - a scroll of identify {unknown}
Potions
 e - a potion of heal wounds {unknown}
 h - a potion of haste {unknown}


   Skills:
 + Level 2.4 Short Blades
 - Level 2.6 Dodging
 + Level 5.5 Stealth
 - Level 2.6 Spellcasting
 - Level 3.6 Hexes


You had 4 spell levels left.
You knew the following spells:

 Your Spells              Type           Power      Damage    Failure   Level
a - Corona                Hex            14%        N/A       4%          1
b - Ensorcelled Hibernat  Hex/Ice        14%        N/A       14%         2

Your spell library contained the following spells:

 Spells                   Type           Power      Damage    Failure   Level
 Confusing Touch          Hex            13%        N/A       13%         3
 Tukima's Dance           Hex            13%        N/A       13%         3
 Dazzling Flash           Conj/Hex       14%        N/A       28%         3


Dungeon Overview and Level Annotations

Branches:
Dungeon (2/15)

Altars:
Qazlal


Innate Abilities, Weirdness & Mutations

You are very small and have problems with some larger weapons.
You are too small for most types of armour.
You have supernaturally acute eyesight. (SInv)
You cover ground extremely quickly. (Speed+++)


Message History

The worm is lightly wounded.
You barely miss the worm.
The worm is lightly wounded.
The worm barely misses you.
You barely miss the worm.
The worm is lightly wounded.
You hit the worm but do no damage.
The worm is lightly wounded.
The worm misses you.
You hit the worm.
The worm is moderately wounded.
The worm completely misses you.
You hit the worm.
The worm is moderately wounded.
You hit the worm but do no damage.
The worm is moderately wounded.
The worm misses you.
You hit the worm.
The worm is heavily wounded.
You hit the worm.
The worm is severely wounded.
The worm bites you!
You hit the worm.
The worm is severely wounded.
You are too injured to fight recklessly!
Casting: Ensorcelled Hibernation (safe; 14% risk of failure)
Confirm with . or Enter, or press ? or * to list all spells.
Aiming: Ensorcelled Hibernation (safe; 14% risk of failure)
Press: ? - help, Shift-Dir - straight line, f - worm
Aim: a worm (severely wounded, chance to affect: 48%)
The worm resists with some effort.
The worm bites you.
* * * LOW HITPOINT WARNING * * *
Casting: Ensorcelled Hibernation (safe; 14% risk of failure)
Confirm with . or Enter, or press ? or * to list all spells.
Aiming: Corona (safe; 4% risk of failure)
Press: ? - help, Shift-Dir - straight line, f/p - worm
Aim: a worm (heavily wounded, chance to affect: 58%)
The worm is outlined in light.
The worm bites you!
Ouch! That really hurt!
You die...

### #### #.. ..#
## #.# #.# #.
#.####.##### ####.
#>#..†.....###....
#@#.##.###.#......
#w#.##.# #.#.#.##.
#......# #.#.#.##.
###.#### #.....##.
#.### ###.####.
##...#### #.####.
#.......###......
#.##.##.#.....###
#..w.# #.....###


You could see a worm (corona).

Vanquished Creatures
  An ooze (D:1)
  2 worms (D:2)
  A leopard gecko (D:2)
  2 giant cockroaches
  2 goblins
  4 jackals (D:2)
  A quokka (D:2)
  A bat (D:1)
  2 frilled lizards
  A kobold (D:2)
17 creatures vanquished.

Notes
Turn   | Place    | Note
-------+----------+-------------------------------------------
     0 | D:1      | scammafunk the Spriggan Enchanter began the quest for the
                  | Orb.
     0 | D:1      | Reached XP level 1. HP: 9/9 MP: 5/5
   431 | D:1      | Reached XP level 2. HP: 12/13 MP: 3/6
   434 | D:1      | Learned a level 2 spell: Ensorcelled Hibernation
   754 | D:2      | Reached skill level 5 in Stealth
  1083 | D:2      | Found a stormy altar of Qazlal.
  1203 | D:2      | Reached XP level 3. HP: 14/16 MP: 1/8
  1217 | D:2      | Mangled by a worm

Illustrated notes

Levels and vault maps discovered:
D:1:      minmay_arrival_cross, layout_rooms
D:2:      layout_loops_cross, nicolae_qazlal_eye_of_the_storm,
          kennysheep_generic_room_3

Skill      XL: |  1  2 |
---------------+-------+-----
Stealth        | 5 |  5.5
Short Blades   | 2 |  2.4
Dodging        | |  2.6
Spellcasting   | |  2.6
Hexes          | |  3.6

Action                   || total
-------------------------++-------
Melee: Dagger            ||    57
 Cast: Corona            ||     5
       Ensorcelled Hiber ||    14
 Stab: Sleeping          ||    11
Armor: Robe              ||     5
Dodge: Dodged            ||    42

Table legend: (Time is in decaauts)
 A = Elapsed time spent in this place.
 B = Non-inter-level travel time spent in this place.
 C = Inter-level travel time spent in this place.
 D = Time resting spent in this place.
 E = Time spent auto-exploring this place.
 F = Levels seen in this place.
 G = Mean time per level.
                   A        B        C        D        E       F      G
               +--------+--------+--------+--------+--------+-----+--------+
         Total |    980 |    956 |     24 |    326 |    475 |   2 |  490.0 |
       Dungeon |    980 |    956 |     24 |    326 |    475 |   2 |  490.0 |
               +--------+--------+--------+--------+--------+-----+--------+

Top non-repeatable levels by time:
     D:1: 580 daAuts
     D:2: 399 daAuts
